 Dungeon Crawl Stone Soup version 0.21.1-1-g345015fe64 (webtiles) character file.

89133 P0ring the Bludgeoner (level 15, -18/135 HPs)
             Began as a Minotaur Berserker on Apr 30, 2018.
             Was a High Priest of Trog.
             Demolished by an alligator (21 damage)
             ... on level 1 of the Swamp on May 1, 2018.
             The game lasted 01:14:15 (28282 turns).

P0ring the Bludgeoner (Minotaur Berserker)         Turns: 28282, Time: 01:14:17

Health: -18/135    AC: 16    Str: 29    XL:     15   Next: 48%
Magic:  7/7        EV: 17    Int:  4    God:    Trog [*****.]
Gold:   1615       SH: 16    Dex:  9    Spells: 14/14 levels left

rFire    + . .     SeeInvis +   O - +2 eveningstar "Tecimas" {antimagic, rPois}
rCold    x . .     Gourm    .   y - +1 shield {AC+3}
rNeg     + . .     Faith    .   B - +3 leather armour of the Untouchables {rElec rN+ MP+9 SInv}
rPois    +         Spirit   .   (helmet restricted)
rElec    +         Reflect  .   x - +1 cloak
rCorr    .         Harm     +   (no gloves)
MR       +++..                  n - +2 pair of boots
Stlth    +.........             N - amulet of harm
HPRegen  1.32/turn              u - ring of fire
MPRegen  0.10/turn              S - ring of flight

@: regenerating, very slow
A: retaliatory headbutt, horns 2
a: Berserk, Trog's Hand, Brothers in Arms, Burn Spellbooks, Renounce Religion,
Evoke Flight


You were on level 1 of the Swamp.
You worshipped Trog.
Trog was extremely pleased with you.
You were not hungry.

You visited 4 branches of the dungeon, and saw 24 of its levels.

You collected 2241 gold pieces.
You spent 626 gold pieces at shops.

Inventory:

Hand Weapons
 o - a +1 morningstar of crushing
 O - the +2 eveningstar "Tecimas" (weapon) {antimagic, rPois}
   (Trog gifted it to you on level 11 of the Dungeon)

   It reduces the magical energy of the wielder, and disrupts the spells and
   magical abilities of those hit.
   Natural abilities and divine invocations are not affected.
   It protects you from poison.
 U - a +1 antimagic great mace
 Y - a +1 flail of draining
Missiles
 H - 6 poisoned javelins (quivered)
Armour
 f - a +1 large shield
 n - a +2 pair of boots (worn)
 x - a +1 cloak (worn)
 y - a +1 shield of protection (worn)
 B - the +3 leather armour of the Untouchables (worn) {rElec rN+ MP+9 SInv}
   (You found it on level 1 of the Swamp)

   It insulates you from electricity.
   It protects you from negative energy.
   It affects your magic capacity (+9).
   It lets you see invisible.
 I - a +2 chain mail of fire resistance
 V - a +3 plate armour of cold resistance
Jewellery
 t - a +4 ring of strength {unknown}
 u - a ring of fire (left hand)
 C - an uncursed ring of resist corrosion {unknown}
 N - an amulet of harm (around neck)
 R - an uncursed ring of poison resistance {unknown}
 S - a ring of flight (right hand)
 T - an uncursed amulet of harm
Wands
 a - a wand of random effects (44)
 e - a wand of acid (9)
 k - a wand of enslavement (25)
 q - a wand of flame (70)
 D - a wand of scattershot (4)
 G - a wand of iceblast (31)
 K - a wand of disintegration (25)
Scrolls
 d - 2 scrolls of teleportation
 j - 4 scrolls of magic mapping
 p - a scroll of fear
 v - 6 scrolls of remove curse
 w - 3 scrolls of enchant armour
 z - 3 scrolls of fog
 A - a scroll of blinking
 E - a scroll of vulnerability
 W - 2 scrolls of identify
Potions
 b - a potion of magic
 g - a potion of brilliance
 h - 7 potions of resistance
 i - 6 potions of agility
 l - 2 potions of flight
 m - 12 potions of curing
 r - 2 potions of heal wounds
 s - a potion of might
 F - 2 potions of haste
 L - a potion of cancellation
 P - 2 potions of ambrosia
 Q - a potion of invisibility
Miscellaneous
 J - a crystal ball of energy
Comestibles
 c - 25 rations
 M - 2 chunks of flesh


   Skills:
 + Level 13.0 Fighting
 * Level 17.3 Maces & Flails
 + Level 12.8 Armour
 + Level 11.9 Dodging
 * Level 16.7 Shields


You had 14 spell levels left.
You didn't know any spells.

Dungeon Overview and Level Annotations

Branches:
Dungeon (15/15)            Temple (0/1) D:7            Lair (6/6) D:10
  Swamp (1/4) Lair:3       Spider (0/4) Lair:4        Slime (0/5) Lair:6
    Orc (2/2) D:11            Elf (0/3) Orc:2        Vaults (0/5) D:13
 Depths (0/5) D:15

Altars:
Ashenzari
Elyvilon
Okawaru
Qazlal
Ru
Trog
Vehumet
Xom
Jiyva

Shops:
D:15 *[([%   Orc:1 (   Orc:2 (!}*(

Portals:
Pandemonium: Orc:2

Annotations:
Lair:1 exclusion: 2 oklob plants
Lair:2 1 exclusion
Lair:4 exclusion: oklob plant


Innate Abilities, Weirdness & Mutations

You reflexively headbutt those who attack you in melee.
You have a pair of horns on your head.


Message History

* * * LOW HITPOINT WARNING * * *
The alligator is engulfed in noxious fumes.
The alligator is engulfed in poison gas.
The alligator is poisoned.
The alligator bites you.
* * * LOW HITPOINT WARNING * * *
The alligator tail-slaps you but does no damage.
You enter the shallow water.
Moving in this stuff is going to be slow.
The alligator is engulfed in poison gas.
The alligator looks even sicker.
The alligator is engulfed in poison gas.
The alligator looks even sicker.
The alligator bites you!
* * * LOW HITPOINT WARNING * * *
You block the alligator's attack.
The swamp drake breathes noxious fumes at you.
The noxious blast misses you.
The alligator is engulfed in poison gas.
The alligator looks as sick as possible!
The alligator bites you!!
You die...

..≈≈.?...≈≈≈.♣
≈.≈.≈≈.(..≈≈|♣♣♣♣♣
..≈?...≈♣≈...♣♣≈.♣♣
.≈≈≈≈§.≈♣..≈......♣
..≈≈≈...♣♣♣♣......♣ .
≈.≈...FD≈♣♣..≈≈≈.^♣♣ ≈≈
.≈≈≈≈≈§§D♣♣♣.≈≈≈≈..♣♣ ♣.≈
.≈≈≈≈≈§kt♣♣♣♣..≈≈≈≈.♣♣♣≈♣≈
.≈≈≈≈≈§§§@♣ ♣♣.≈≈≈≈.♣≈..≈♣
≈≈≈≈≈≈≈≈♣§♣ ♣.≈≈≈≈...≈..≈
.≈≈≈.≈≈≈§§♣ ♣.≈≈≈...≈≈≈.≈
.≈≈≈..≈§§§♣ ♣♣.≈≈....≈≈.♣
.≈≈..≈≈≈}♣♣ ♣.≈≈≈......≈♣
≈≈....§. ♣♣♣.≈≈≈......♣♣
≈.♣≈..≈. ♣...≈≈≈...≈≈..♣
♣♣♣..♣ ♣...≈≈....≈≈≈≈♣
♣≈.≈≈≈≈≈.≈...♣.


You could see an alligator, a seven-headed hydra, a swamp dragon, a spiny frog
and a swamp drake.

Vanquished Creatures
  The ghost of Fymir27 the Fighter, a journeyman HOMo of Beogh (Orc:2)
  6 dire elephants (Lair:6)
  The ghost of P0ring the Basher, a journeyman MiBe of Trog (Lair:2)
  A rakshasa (D:15)
  4 vault guards (D:13)
  3 hydras
  The ghost of dracomuter the Basher, a novice TrCK of Xom (D:9)
  A ghost crab (Swamp:1)
  An anaconda (Lair:6)
  8 two-headed ogres
  3 centaur warriors
  A tengu warrior (D:13)
  An alligator (Swamp:1)
  A vampire mage (D:15)
  4 orc high priests
  A titan zombie (D:15)
  Sonja (D:14)
  A skeletal warrior (D:15)
  A spark wasp zombie (D:15)
  3 unseen horrors
  A wizard (D:13)
  6 orc knights
  A wolf spider zombie (D:13)
  A mana viper (shapeshifter) (D:14)
  A shadow dragon zombie (D:15)
  5 ugly things
  A necromancer (D:15)
  2 deep elf magi
  5 cyclopes
  4 orc sorcerers
  A manticore (D:14)
  A centaur zombie (D:14)
  8 black mambas
  9 elephants (Lair:6)
  Maurice (D:8)
  Psyche (D:11)
  A torpor snail (Lair:4)
  The ghost of Name63 the Skirmisher, a novice FoAK of Lugonu (D:3)
  5 rime drakes
  Joseph (D:6)
  A gargoyle (D:15)
  3 kobold demonologists
  10 spiny frogs
  3 komodo dragons
  An efreet (D:15)
  A spriggan zombie (D:15)
  An ice devil (Orc:2)
  A guardian mummy (D:15)
  A red devil (Orc:2)
  A tengu conjurer (D:13)
  A hellwing (Orc:2)
  2 meliai (D:15)
  A yaktaur (D:13)
  A tyrant leech (Swamp:1)
  6 trolls
  A hornet (D:13)
  A queen bee (shapeshifter) (D:15)
  3 polar bears
  16 blink frogs
  Grinder (D:4)
  A harpy skeleton (D:14)
  6 slime creatures (D:13)
  9 hippogriffs
  A bog body (Swamp:1)
  3 dream sheep (Lair:4)
  Sigmund (D:4)
  A ynoxinul (Orc:2)
  4 hungry ghosts
  A vampire (D:15)
  5 wyverns
  11 yaks
  2 wraiths
  2 basilisks
  2 humans (D:13)
  18 vampire mosquitoes
  7 wargs
  2 soldier ants (D:15)
  3 acid dragons
  11 water moccasins
  7 porcupines
  A hornet zombie (D:15)
  2 black bears
  36 orc warriors
  2 phantoms
  An ice beast (D:11)
  3 sky beasts
  A necrophage (D:10)
  6 ogres
  An eye of draining (D:12)
  16 crocodiles
  8 centaurs
  3 big kobolds (D:13)
  14 bullfrogs
  3 scorpions
  4 killer bees (D:9)
  An electric eel (Lair:1)
  7 howler monkeys
  12 wights
  6 crimson imps
  A lava snake (Lair:2)
  7 hounds
  7 jellies
  27 orc priests
  Crazy Yiuf (D:6)
  A centaur skeleton (D:11)
  A gnoll shaman (D:6)
  A bullfrog skeleton (D:13)
  20 orc wizards
  5 worker ants
  4 iguanas
  A killer bee zombie (D:6)
  A howler monkey zombie (D:6)
  A worker ant zombie (D:11)
  12 gnolls
  10 adders
  3 shadow imps
  6 oozes
  5 worms
  A dart slug (D:4)
  4 leopard geckos
  94 orcs
  2 ball pythons
  6 bats
  5 giant cockroaches
  2 goblins
  9 hobgoblins
  21 jackals
  8 kobolds
  5 quokkas
  3 frilled lizards
  2 leopard gecko skeletons (D:4)
  3 quokka zombies
  7 rats
  A fungus (Lair:6)
  3 plants (Lair:6)
670 creatures vanquished.

Vanquished Creatures (collateral kills)
  An orc high priest (Orc:2)
  A gelid demonspawn (Orc:2)
  An orc knight (Orc:2)
  4 orc sorcerers (Orc:2)
  A meliai (D:15)
8 creatures vanquished.

Vanquished Creatures (others)
  An unseen horror (D:15)
  A manticore (D:15)
  A bush (Lair:4)
  15 fungi (Lair:6)
  20 plants
  10 withered plants (D:15)
48 creatures vanquished.

Grand Total: 726 creatures vanquished

Notes
Turn   | Place    | Note
-------+----------+-------------------------------------------
     0 | D:1      | P0ring the Minotaur Berserker began the quest for the Orb.
     0 | D:1      | Reached XP level 1. HP: 19/19 MP: 0/0
   145 | D:1      | Reached skill level 4 in Maces & Flails
   153 | D:1      | Reached XP level 2. HP: 22/27 MP: 1/1
   958 | D:1      | Reached XP level 3. HP: 33/33 MP: 2/2
  1538 | D:2      | Reached ** piety under Trog
  1843 | D:3      | Noticed Name63's ghost (novice FoAK)
  1860 | D:3      | Killed Name63's ghost
  1860 | D:3      | Reached skill level 6 in Maces & Flails
  1860 | D:3      | Reached XP level 4. HP: 41/41 MP: 3/3
  1860 | D:3      | Reached XP level 5. HP: 47/47 MP: 4/4
  1860 | D:3      | Reached XP level 6. HP: 53/53 MP: 5/5
  2457 | D:3      | Reached XP level 7. HP: 59/60 MP: 6/6
  2500 | D:4      | Reached skill level 5 in Fighting
  2680 | D:4      | Noticed Grinder
  2693 | D:4      | Killed Grinder
  2990 | D:4      | Noticed Sigmund
  2997 | D:4      | Killed Sigmund
  2997 | D:4      | Reached skill level 7 in Maces & Flails
  2997 | D:4      | Reached skill level 5 in Shields
  3218 | D:4      | Reached *** piety under Trog
  3238 | D:5      | Entered Level 5 of the Dungeon
  3351 | D:5      | Found a radiant altar of Vehumet.
  3435 | D:5      | Reached XP level 8. HP: 37/69 MP: 7/7
  3717 | D:5      | Found a stormy altar of Qazlal.
  3897 | D:5      | Found a shimmering altar of Xom.
  3898 | D:5      | Found a shattered altar of Ashenzari.
  3900 | D:5      | Found a sacrificial altar of Ru.
  3902 | D:5      | Found a bloodstained altar of Trog.
  4066 | D:6      | Reached skill level 5 in Armour
  4132 | D:6      | Reached skill level 8 in Maces & Flails
  4296 | D:6      | Found a runed door.
  4340 | D:6      | Noticed Crazy Yiuf
  4347 | D:6      | Killed Crazy Yiuf
  4507 | D:6      | Reached skill level 5 in Dodging
  5021 | D:6      | Got a flickering marble ring
  5124 | D:6      | Reached XP level 9. HP: 78/78 MP: 8/8
  5223 | D:7      | Noticed Joseph
  5253 | D:6      | Killed Joseph
  5253 | D:6      | Reached skill level 9 in Maces & Flails
  5447 | D:7      | Reached **** piety under Trog
  5455 | D:7      | Received a gift from Trog
  5967 | D:7      | Found a staircase to the Ecumenical Temple.
  6078 | D:7      | Reached skill level 10 in Maces & Flails
  6201 | D:7      | Identified a scroll of acquirement
  6526 | D:8      | Found an iron altar of Okawaru.
  6545 | D:8      | Reached XP level 10. HP: 83/86 MP: 9/9
  6558 | D:8      | Noticed Maurice
  6567 | D:8      | Killed Maurice
  6634 | D:8      | Reached ***** piety under Trog
  7099 | D:9      | Noticed dracomuter's ghost (novice TrCK)
  7113 | D:9      | Killed dracomuter's ghost
  7143 | D:9      | Noticed a two-headed ogre
  7152 | D:9      | Killed a two-headed ogre
  7208 | D:9      | Reached skill level 11 in Maces & Flails
  7269 | D:9      | Reached skill level 10 in Shields
  7353 | D:7      | Lost intelligence.
  7353 | D:7      | Identified the ring "Piawk" {rCorr rC+++ MR- Int-5 Dex+3} (You found it on level 6 of the Dungeon)
  8129 | D:9      | Found a white marble altar of Elyvilon.
  8485 | D:10     | Entered Level 10 of the Dungeon
  8577 | D:10     | Found a staircase to the Lair.
  9550 | Lair:1   | Entered Level 1 of the Lair of Beasts
  9570 | Lair:1   | Reached XP level 11. HP: 73/95 MP: 10/10
  9816 | Lair:1   | Noticed an oklob plant
 10485 | Lair:1   | Noticed an oklob plant
 10594 | Lair:2   | Reached skill level 12 in Maces & Flails
 10640 | Lair:2   | Noticed P0ring's ghost (journeyman MiBe)
 10665 | Lair:2   | Killed P0ring's ghost
 11601 | Lair:3   | Found a staircase to the Swamp.
 13412 | Lair:4   | Noticed an oklob plant
 13423 | Lair:4   | Found a hole to the Spider Nest.
 13678 | Lair:4   | Reached XP level 12. HP: 94/106 MP: 11/11
 13979 | Lair:4   | Received a gift from Trog
 14379 | Lair:5   | Reached skill level 13 in Maces & Flails
 14561 | Lair:5   | Reached skill level 10 in Fighting
 15333 | Lair:6   | Entered Level 6 of the Lair of Beasts
 15686 | Lair:6   | Reached skill level 10 in Armour
 15792 | Lair:6   | Reached skill level 14 in Maces & Flails
 15795 | Lair:6   | Noticed a six-headed hydra
 15799 | Lair:6   | Killed a six-headed hydra
 16096 | Lair:6   | Found a viscous altar of Jiyva.
 16096 | Lair:6   | Found a staircase to the Slime Pits.
 16387 | Lair:6   | Noticed a five-headed hydra
 16395 | Lair:6   | Killed a five-headed hydra
 16395 | Lair:6   | Reached XP level 13. HP: 85/114 MP: 12/12
 16775 | Lair:6   | Noticed a dire elephant
 16783 | Lair:6   | Killed a dire elephant
 16825 | Lair:6   | Noticed a dire elephant
 16834 | Lair:6   | Killed a dire elephant
 16847 | Lair:6   | Noticed a dire elephant
 16847 | Lair:6   | Noticed a dire elephant
 16857 | Lair:6   | Killed a dire elephant
 16863 | Lair:6   | Killed a dire elephant
 17055 | Lair:6   | Noticed a dire elephant
 17058 | Lair:6   | Noticed a dire elephant
 17075 | Lair:6   | Killed a dire elephant
 17075 | Lair:6   | Reached skill level 10 in Dodging
 17079 | Lair:6   | Killed a dire elephant
 18095 | D:11     | Reached skill level 15 in Maces & Flails
 18199 | D:11     | Received a gift from Trog
 18916 | D:11     | Noticed Psyche
 18930 | D:11     | Killed Psyche
 18954 | D:11     | Found a staircase to the Orcish Mines.
 19229 | D:12     | Found a sacrificial altar of Ru.
 19301 | D:12     | Found a labyrinth entrance.
 19674 | Orc:1    | Entered Level 1 of the Orcish Mines
 19699 | D:11     | Received a gift from Trog
 19702 | D:11     | Got a crude eveningstar {god gift}
 19703 | D:11     | Identified the +2 eveningstar "Tecimas" {antimagic, rPois} (Trog gifted it to you on level 11 of the Dungeon)
 19883 | Orc:1    | Found Didyesamm's Weapon Boutique.
 20200 | Orc:2    | Entered Level 2 of the Orcish Mines
 20220 | Orc:2    | Reached XP level 14. HP: 125/125 MP: 4/13
 20461 | Orc:2    | Found a staircase to the Elven Halls.
 20469 | Orc:2    | Found Zann's Weapon Boutique.
 20512 | Orc:2    | Noticed Fymir27's ghost (journeyman HOMo)
 20573 | Orc:2    | Killed Fymir27's ghost
 20744 | Orc:2    | Reached skill level 15 in Shields
 20753 | Orc:2    | Found Batzukhl Sida's Distillery.
 20771 | Orc:2    | Found Geseg's General Store.
 21070 | Orc:2    | Bought a potion of invisibility for 128 gold pieces
 21070 | Orc:2    | Bought a potion of haste for 160 gold pieces
 21070 | Orc:2    | Bought a potion of resistance for 160 gold pieces
 21070 | Orc:2    | Bought a potion of curing for 48 gold pieces
 21072 | Orc:2    | Bought a potion of heal wounds for 65 gold pieces
 21072 | Orc:2    | Bought a potion of heal wounds for 65 gold pieces
 21282 | Orc:2    | Received a gift from Trog
 22076 | Orc:2    | Paralysed by an orc sorcerer for 6 turns
 22491 | Orc:2    | Found Zosoopt's Gadget Shoppe.
 22491 | Orc:2    | Found Teoges's Antique Weapon Emporium.
 22491 | Orc:2    | Found a one-way gate leading to the halls of Pandemonium.
 22494 | Orc:2    | Reached skill level 16 in Maces & Flails
 23482 | D:13     | Found a gate to the Vaults.
 24383 | D:14     | Received a gift from Trog
 24875 | D:14     | Reached XP level 15. HP: 119/134 MP: 4/14
 25082 | D:14     | Noticed Sonja
 25090 | D:14     | Killed Sonja
 25171 | D:14     | Found a stormy altar of Qazlal.
 25520 | D:15     | Entered Level 15 of the Dungeon
 25520 | D:15     | Found Muleed's Assorted Antiques.
 25548 | D:15     | Found Houcol's Antique Armour Shoppe.
 25552 | D:15     | Found Nustyewn's Weapon Emporium.
 25609 | D:15     | Found a staircase to the Depths.
 25630 | D:15     | HP: 6/134 [rakshasa/orb of energy (16)]
 25660 | D:15     | Reached skill level 17 in Maces & Flails
 27078 | D:15     | Received a gift from Trog
 27664 | D:15     | Found Weud's Food Shoppe.
 27863 | D:15     | Found Xusaam's Armour Emporium.
 28070 | Swamp:1  | Entered Level 1 of the Swamp
 28138 | Swamp:1  | Got a faintly glowing leather armour
 28237 | Swamp:1  | Identified the +3 leather armour of the Untouchables {rElec rN+ MP+9 SInv} (You found it on level 1 of the Swamp)
 28282 | Swamp:1  | HP: 3/135 [alligator (9)]
 28282 | Swamp:1  | Demolished by an alligator

Skill      XL: |  1  2  3  4  5  6  7  8  9 10 11 12 13 14 15 |
---------------+----------------------------------------------+-----
Maces & Flails | 4 6 7 8 10 11 12 14 15 16 17 | 17.3
Fighting       | 4 5 6 7 8 9 10 11 12 13 | 13.0
Armour         | 3 4 5 6 8 9 10 11 12 | 12.8
Dodging        | 3 4 5 6 7 8 9 10 11 | 11.9
Shields        | 3 5 7 8 10 12 13 14 16 | 16.7

Action                   |  1- 3 |  4- 6 |  7- 9 | 10-12 | 13-15 || total
-------------------------+-------+-------+-------+-------+-------++-------
Melee: Mace              |    99 |    71 |   303 |       |       ||   473
       Headbutt          |    12 |    14 |    67 |   166 |   251 ||   510
       Morningstar       |       |       |    51 |   726 |   450 ||  1227
       Eveningstar       |       |       |       |       |   672 ||   672
Invok: Berserk           |     1 |     2 |     5 |     6 |    16 ||    30
       Burn Spellbooks   |       |       |     1 |     1 |     3 ||     5
       Trog's Hand       |       |       |       |       |     2 ||     2
       Brothers in Arms  |       |       |       |       |     1 ||     1
Evoke: Wand              |       |       |       |     2 |     2 ||     4
  Use: Scroll            |       |       |    20 |     7 |    20 ||    47
       Potion            |       |       |     1 |     5 |     7 ||    13
 Stab: Sleeping          |     1 |       |       |       |       ||     1
       Distracted        |       |       |       |       |     1 ||     1
  Eat: Chunk             |     3 |     5 |    17 |    20 |    30 ||    75
       Ration            |       |       |     1 |     5 |     8 ||    14
Armor: Animal skin       |     9 |       |       |       |       ||     9
       Ring mail         |    17 |    19 |   122 |   132 |       ||   290
       Chain mail        |       |       |       |    86 |   191 ||   277
       Plate armour      |       |       |       |       |   255 ||   255
       Leather armour    |       |       |       |       |    22 ||    22
Dodge: Dodged            |    46 |    13 |   121 |   160 |   404 ||   744
Block: Large shield      |    22 |    63 |   376 |   714 |   116 ||  1291
       Shield            |       |       |       |       |   753 ||   753
